 Dungeon Crawl Stone Soup version 0.23-a0-701-gd76f34b (webtiles) character file.

62675 Lanoc the Carver (level 14, -21/114 HPs)
             Began as a Demonspawn Berserker on Jan 12, 2019.
             Was a High Priest of Trog.
             Killed from afar by an ogre mage (68 damage)
             ... with a crystal spear
             ... on level 2 of the Orcish Mines.
             The game lasted 00:50:12 (13575 turns).

Lanoc the Carver (Demonspawn Berserker)            Turns: 13575, Time: 00:50:12

Health: -21/114    AC: 28    Str: 22    XL:     14   Next: 65%
Magic:  14/14      EV: 19    Int:  9    God:    Trog [*****.]
Gold:   1384       SH:  7    Dex: 13    Spells: 13/13 levels left

rFire    + + .     SeeInvis .   B - +0 demon blade (flame)
rCold    . . .     Gourm    .   h - +2 buckler
rNeg     + . .     Faith    .   b - +0 pearl dragon scales
rPois    .         Spirit   .   (helmet restricted)
rElec    .         Reflect  .   G - +1 cloak
rCorr    .         Harm     +   R - +2 pair of gloves
MR       ++...                  v - +0 pair of boots
Stlth    ..........             T - amulet of Traps {Harm *Drain +Blink rF+}
HPRegen  0.29/turn              m - +3 ring of evasion
MPRegen  0.14/turn              O - ring of the Dragon {rF+ MR+}

@: sanguine armour, berserk cooldown, hasted and slowed
A: antennae 2, foul stench 2, spiny 1, rot immunity, sanguine armour 1
a: Berserk, Trog's Hand, Brothers in Arms, Renounce Religion, Evoke Blink


You were on level 2 of the Orcish Mines.
You worshipped Trog.
Trog was extremely pleased with you.
You were near starving.

You visited 3 branches of the dungeon, and saw 18 of its levels.

You collected 1384 gold pieces.

Inventory:

Hand Weapons
 B - a +0 demon blade of flaming (weapon)
 L - a +2 antimagic demon blade
 V - a +3 double sword of electrocution
Armour
 b - +0 pearl dragon scales (worn)
 h - a +2 buckler (worn)
 u - the +1 leather armour of the Solstice {rElec rC- rN+ Slay+2}
   (You found it on level 11 of the Dungeon)

   It affects your accuracy and damage with ranged weapons and melee attacks
   (+2).
   It makes you vulnerable to cold.
   It insulates you from electricity.
   It protects you from negative energy.
 v - a +0 pair of boots (worn)
 G - a +1 cloak (worn)
 R - a +2 pair of gloves (worn)
Jewellery
 d - an uncursed amulet of guardian spirit
 m - a +3 ring of evasion (left hand)
 H - an uncursed ring of protection from cold
 O - the ring of the Dragon (right hand) {rF+ MR+}
   (You found it on level 12 of the Dungeon)

   [ring of protection from fire]

   It protects you from fire.
   It affects your resistance to hostile enchantments.
 T - the amulet of Traps (around neck) {Harm *Drain +Blink rF+}
   (You found it on level 15 of the Dungeon)

   [amulet of harm]

   It increases damage dealt and taken.
   It protects you from fire.
   It lets you blink.
   It causes draining when unequipped.
Wands
 f - a wand of flame (37)
 s - a wand of clouds (6)
 w - a wand of iceblast (5)
 x - a wand of scattershot (6)
 M - a wand of enslavement (11)
 S - a wand of digging (4)
 U - a wand of random effects (19)
Scrolls
 a - a scroll of magic mapping
 e - 2 scrolls of teleportation {unknown}
 n - 3 scrolls of enchant armour
 o - a scroll of fog
 y - 8 scrolls of remove curse
 K - a scroll of summoning {unknown}
Potions
 g - 3 potions of might
 i - 3 potions of magic
 j - 2 potions of haste
 k - 2 potions of brilliance
 l - 2 potions of flight
 p - a potion of berserk rage
 q - a potion of curing
 r - a potion of agility
 t - 3 potions of lignification
 z - 5 potions of mutation
 A - a potion of heal wounds
 C - a potion of cancellation
 E - a potion of ambrosia
 I - a potion of invisibility
 N - 2 potions of resistance {unknown}
Miscellaneous
 F - a lightning rod (4/4)
 J - a phantom mirror
Comestibles
 c - 31 rations
 D - 2 chunks of flesh


   Skills:
 + Level 11.9 Fighting
 * Level 14.7 Long Blades
 + Level 10.9 Armour
 + Level 10.9 Dodging
 - Level 4.0 Shields


You had 13 spell levels left.
You didn't know any spells.
Your spell library was empty.

Dungeon Overview and Level Annotations

Branches:
Dungeon (15/15)            Temple (1/1) D:6            Lair (0/6) D:8
    Orc (2/2) D:9          Vaults (0/5) D:14         Depths (0/5) D:15
    Elf: Orc:2

Altars:
Ashenzari
Cheibriados
Dithmenos
Elyvilon
Fedhas
Gozag
Hepliaklqana
Kikubaaqudgha
Nemelex Xobeh
Okawaru
Sif Muna
Uskayaw
Vehumet
Wu Jian
Xom
Yredelemnul
The Shining One
Beogh
Lugonu

Shops:
D:9 :(   D:11 [

Annotations:
D:13 3 runed translucent doors, exclusion: orange crystal statue


Innate Abilities, Weirdness & Mutations

You have a pair of antennae on your head.
You frequently emit foul miasma when damaged in melee.
You are partially covered in sharp spines.
You are immune to rotting.
When seriously injured, your bleeding wounds create armour. (AC +6)


Message History

Things that are here:
a +0 giant club x2; a +0 dire flail You feel yourself speed up.
The ogre mage misses you. The ogre mage barely misses you.
The two-headed ogre is engulfed in dark miasma.
The two-headed ogre is poisoned.
The two-headed ogre barely misses you. You block the two-headed ogre's attack.
The ogre mage hits you from afar with a +0 halberd!
The ogre mage is struck by your spines. The ogre mage barely misses you.
The two-headed ogre is engulfed in dark miasma.
The two-headed ogre looks even sicker.
The two-headed ogre is struck by your spines.
The two-headed ogre hits you but does no damage.
The two-headed ogre barely misses you.
Items here: ))) † a +0 giant club x2; a +0 giant spiked club; a two-headed ogre corpse The ogre mage gestures at you while chanting.
The crystal spear hits you!
Ouch! That really hurt!
You die...

........ ......
#.... ...# #..##
#<..# ##.## ##.##
...
#######@..#....
##.....)))......
#......)O.......
...###O☼###......


#OOOO# #..... #.OOOO{# ..... #..OOO.# ..$.# #...O....# ## #........# You could
see 3 two-headed ogres, 2 ogre magi and 6 ogres.

Vanquished Creatures
  Frances (D:12)
  Roxanne (D:15)
  An orc warlord (Orc:1)
  An ettin (Orc:1)
  2 ogre magi
  4 vault guards (D:14)
  2 hydras (D:14)
  5 centaur warriors
  Erica (D:11)
  8 two-headed ogres
  Urug (D:12)
  A tengu warrior (D:15)
  Sonja (Orc:1)
  A hell knight (D:15)
  2 wizards (D:15)
  4 unseen horrors
  2 orc knights
  2 deep elf magi
  9 ugly things
  5 cyclopes
  2 orc sorcerers
  A water nymph (shapeshifter) (D:15)
  Joseph (D:9)
  3 centaur zombies
  2 guardian serpents (D:9)
  5 gargoyles
  An efreet (D:13)
  A yaktaur (D:14)
  6 kobold demonologists
  A tengu conjurer (D:14)
  A queen bee (D:14)
  3 meliai (D:14)
  3 trolls
  3 hornets
  4 wyverns
  A wraith (D:12)
  Eustachio (D:6)
  2 basilisks
  29 yaks
  4 vampire mosquitoes (D:14)
  2 hungry ghosts
  4 wargs (Orc:1)
  An acid dragon (D:9)
  A water moccasin (D:7)
  Edmund (D:4)
  2 porcupines (D:8)
  3 ice beasts
  5 sky beasts
  17 orc warriors
  2 black bears (D:8)
  2 phantoms
  An eye of draining (D:14)
  20 ogres
  3 boggarts (D:15)
  22 centaurs
  2 crocodiles (D:8)
  7 big kobolds
  13 bullfrogs
  A water moccasin skeleton (D:5)
  2 wyvern skeletons (D:12)
  7 scorpions
  19 killer bees
  8 wights
  4 howler monkeys
  8 crimson imps
  3 bullfrog zombies
  3 jellies
  15 orc priests
  15 orc wizards
  5 centaur skeletons
  A gnoll shaman (Orc:1)
  4 hounds
  A bullfrog skeleton (D:3)
  5 iguanas
  Ijyb (D:3)
  15 worker ants
  A killer bee zombie (D:10)
  A howler monkey zombie (D:11)
  3 gnolls (Orc:1)
  A howler monkey skeleton (D:9)
  8 adders
  3 shadow imps
  An adder zombie (D:9)
  2 oozes
  2 adder skeletons
  3 worms
  2 dart slugs
  8 leopard geckos
  51 orcs
  2 ball pythons
  7 giant cockroaches
  7 hobgoblins
  12 jackals
  30 kobolds
  5 quokkas
  10 bats
  3 frilled lizards
  12 goblins
  A leopard gecko skeleton (D:4)
  A quokka skeleton (D:4)
  4 rats
  A demonic plant (D:14)
534 creatures vanquished.

Vanquished Creatures (collateral kills)
  Rupert (D:15)
  A slime creature (D:12)
  An eye of draining (D:12)
  An ogre (D:12)
4 creatures vanquished.

Vanquished Creatures (others)
  A boggart (D:15)
  A demonic plant (D:14)
  24 fungi (D:8)
  8 plants (D:8)
34 creatures vanquished.

Grand Total: 572 creatures vanquished

Notes
Turn   | Place    | Note
-------+----------+-------------------------------------------
     0 | D:1      | Lanoc the Demonspawn Berserker began the quest for the Orb.
     0 | D:1      | Reached XP level 1. HP: 18/18 MP: 1/1
   316 | D:1      | Gained mutation: You are partially covered in sharp spines.
                  | [demonic ancestry]
   316 | D:1      | Reached XP level 2. HP: 9/24 MP: 2/2
  1073 | D:2      | Reached skill level 3 in Long Blades
  1073 | D:2      | Reached XP level 3. HP: 26/29 MP: 1/3
  1073 | D:2      | Reached ** piety under Trog
  1503 | D:3      | Found a deep blue altar of Sif Muna.
  1524 | D:3      | Found a glowing golden altar of the Shining One.
  1534 | D:3      | Gained mutation: You are immune to rotting. [demonic
                  | ancestry]
  1534 | D:3      | Reached XP level 4. HP: 31/35 MP: 2/4
  1613 | D:3      | Found a hazy altar of Hepliaklqana.
  1625 | D:3      | Found a shattered altar of Ashenzari.
  1635 | D:3      | Reached skill level 1 in Shields
  1655 | D:3      | Gained mutation: You may emit foul miasma when damaged in
                  | melee. [demonic ancestry]
  1655 | D:3      | Reached XP level 5. HP: 15/41 MP: 3/5
  1937 | D:3      | Noticed Ijyb
  1948 | D:3      | Reached *** piety under Trog
  1953 | D:3      | Killed Ijyb
  2023 | D:3      | Found a white marble altar of Elyvilon.
  2258 | D:4      | Reached skill level 4 in Long Blades
  2264 | D:4      | Reached XP level 6. HP: 38/48 MP: 4/6
  2340 | D:4      | Noticed Edmund
  2350 | D:4      | Killed Edmund
  2436 | D:4      | Reached XP level 7. HP: 55/55 MP: 5/7
  2690 | D:4      | Reached skill level 5 in Long Blades
  2710 | D:4      | Found a shimmering altar of Xom.
  2900 | D:5      | Entered Level 5 of the Dungeon
  3156 | D:5      | Found an ancient bone altar of Kikubaaqudgha.
  3156 | D:5      | Found a snail-covered altar of Cheibriados.
  3294 | D:5      | Reached **** piety under Trog
  3423 | D:6      | Found a glowing golden altar of the Shining One.
  3452 | D:6      | Noticed Eustachio
  3469 | D:6      | Killed Eustachio
  3469 | D:6      | Reached XP level 8. HP: 61/61 MP: 8/8
  3477 | D:6      | Found a hide-covered altar of Uskayaw.
  3618 | D:6      | Reached skill level 5 in Fighting
  3754 | D:6      | Reached skill level 6 in Long Blades
  3866 | D:6      | Found an ornate altar of the Wu Jian Council.
  3868 | D:6      | Found a staircase to the Ecumenical Temple.
  4183 | Temple   | Entered the Ecumenical Temple
  4278 | D:7      | Gained mutation: You frequently emit foul miasma when
                  | damaged in melee. [demonic ancestry]
  4278 | D:7      | Reached XP level 9. HP: 68/68 MP: 9/9
  4507 | D:7      | Found a radiant altar of Vehumet.
  4615 | D:7      | Reached skill level 7 in Long Blades
  4615 | D:7      | Reached skill level 5 in Armour
  4636 | D:7      | Reached skill level 5 in Dodging
  5083 | D:8      | Found a staircase to the Lair.
  5093 | D:8      | Reached ***** piety under Trog
  5127 | D:8      | Reached skill level 8 in Long Blades
  5324 | D:8      | Found a basalt altar of Yredelemnul.
  5479 | D:9      | Found an opulent altar of Gozag.
  5484 | D:9      | Gained mutation: You have a pair of small antennae on your
                  | head. [demonic ancestry]
  5484 | D:9      | Reached XP level 10. HP: 77/77 MP: 10/10
  5503 | D:9      | Found Tyfrirho's Book Shop.
  5503 | D:9      | Found a staircase to the Orcish Mines.
  5578 | D:9      | Found a blossoming altar of Fedhas.
  5619 | D:9      | Found an iron altar of Okawaru.
  5683 | D:9      | Noticed a guardian serpent
  5695 | D:9      | Killed a guardian serpent
  5816 | D:9      | Found Omakojej's Antique Weapon Shoppe.
  5864 | D:9      | Noticed a guardian serpent
  5879 | D:9      | Killed a guardian serpent
  5879 | D:9      | Reached skill level 9 in Long Blades
  6116 | D:9      | Noticed Joseph
  6131 | D:9      | Killed Joseph
  6255 | D:10     | Entered Level 10 of the Dungeon
  6261 | D:10     | Noticed a two-headed ogre
  6280 | D:10     | Killed a two-headed ogre
  6291 | D:10     | Killed an unseen horror
  6291 | D:10     | Gained mutation: When seriously injured, your bleeding
                  | wounds create armour. (AC +6) [demonic ancestry]
  6291 | D:10     | Reached XP level 11. HP: 68/86 MP: 8/11
  6323 | D:10     | Reached skill level 10 in Long Blades
  6534 | D:10     | Received a gift from Trog
  7149 | D:11     | Noticed a purple ugly thing
  7149 | D:11     | Noticed a red ugly thing
  7166 | D:10     | Killed a red ugly thing
  7310 | D:11     | Killed a purple ugly thing
  7380 | D:11     | Noticed Erica
  7390 | D:11     | Killed Erica
  7398 | D:11     | Got a bloodstained leather armour
  7409 | D:11     | Identified the +1 leather armour of the Solstice {rElec rC-
                  | rN+ Slay+2} (You found it on level 11 of the Dungeon)
  7436 | D:11     | Found Ishryagu's Antique Armour Emporium.
  7498 | D:11     | Found a shadowy altar of Dithmenos.
  7655 | D:11     | Paralysed by a hornet for 3 turns
  7661 | D:11     | Reached skill level 11 in Long Blades
  7893 | D:11     | Noticed a brown ugly thing
  7902 | D:11     | Killed a brown ugly thing
  8045 | D:12     | Noticed a purple ugly thing
  8051 | D:12     | Killed a purple ugly thing
  8062 | D:12     | Received a gift from Trog
  8150 | D:12     | Noticed Urug
  8181 | D:12     | Killed Urug
  8181 | D:12     | Gained mutation: You have a pair of antennae on your head.
                  | [demonic ancestry]
  8181 | D:12     | Reached XP level 12. HP: 95/95 MP: 2/12
  8296 | D:12     | Got an ancient copper ring
  8298 | D:12     | Identified the ring of the Dragon {rF+ MR+} (You found it
                  | on level 12 of the Dungeon)
  8873 | D:12     | Noticed Frances
  8902 | D:12     | Killed Frances
  9056 | D:13     | Reached skill level 12 in Long Blades
  9074 | D:13     | Got a colourful robe
  9095 | D:13     | Identified the +0 robe "Ebleicw" {rCorr Str-5 Dex+8 Stlth-}
                  | (You found it on level 13 of the Dungeon)
  9138 | D:13     | Noticed a centaur warrior
  9152 | D:13     | Killed a centaur warrior
  9281 | D:13     | Reached skill level 10 in Fighting
  9595 | D:13     | Found a runed translucent door.
  9611 | D:13     | Found a runed translucent door.
  9623 | D:13     | Found a runed translucent door.
  9636 | D:13     | Found a runed translucent door.
  9998 | D:14     | You fall through a shaft!
  9998 | D:15     | Entered Level 15 of the Dungeon
 10000 | D:15     | Got a smoking pewter amulet
 10004 | D:15     | Identified the amulet of Traps {Harm *Drain +Blink rF+}
                  | (You found it on level 15 of the Dungeon)
 10021 | D:15     | Received a gift from Trog
 10031 | D:15     | Noticed a centaur warrior
 10032 | D:15     | Noticed Rupert
 10033 | D:15     | Noticed a tengu warrior
 10034 | D:15     | Noticed a tengu warrior
 10044 | D:15     | Killed Rupert
 10044 | D:15     | Reached XP level 13. HP: 86/103 MP: 4/13
 10048 | D:15     | Identified Roxanne's Papyrus of the Rocks
 10048 | D:15     | Noticed Roxanne
 10168 | D:15     | Killed Roxanne
 10168 | D:15     | Reached skill level 13 in Long Blades
 10523 | D:15     | Found a sparkling altar of Nemelex Xobeh.
 10845 | D:15     | Found a staircase to the Depths.
 11005 | D:14     | Reached skill level 10 in Armour
 11008 | D:14     | Reached skill level 10 in Dodging
 11072 | D:14     | Found a gate to the Vaults.
 11279 | D:14     | Received a gift from Trog
 11307 | D:14     | Reached XP level 14. HP: 113/113 MP: 4/14
 11351 | D:14     | Found a corrupted altar of Lugonu.
 11446 | D:14     | Reached skill level 14 in Long Blades
 12208 | Orc:1    | Entered Level 1 of the Orcish Mines
 12667 | Orc:1    | Found a roughly hewn altar of Beogh.
 12757 | Orc:1    | Found a roughly hewn altar of Beogh.
 12779 | Orc:1    | Noticed Sonja
 12793 | Orc:1    | Killed Sonja
 13236 | Orc:1    | Noticed an orc warlord
 13239 | Orc:1    | Received a gift from Trog
 13258 | Orc:1    | Killed an orc warlord
 13522 | Orc:2    | Entered Level 2 of the Orcish Mines
 13575 | Orc:2    | Killed from afar by an ogre mage

Vault maps used:
D:1:      psy_arrival_conway
D:2:      dk_noncrumbling_4
D:3:      kennysheep_goblin_castle, nicolae_overflow_hidden_temple,
          lemuel_crystal_altar, overflow_temple_1_default,
          cheibrodos_ashenzari_chains, lemuel_crystal_altar
D:4:      old_standard_altar, first_ration, uniq_edmund
D:5:      gammafunk_temple_overflow_elements
D:6:      kennysheep_little_box, nicolae_overflow_crystal_walls,
          minmay_temple_entry_butterflies, tso_metal_star, uniq_eustachio
D:7:      vehumet_crystals
D:8:      kennysheep_mini, due_lair_maze_entry_diamond
D:9:      nrook_guardian_serpent_snake_passage, marbit_many_paths,
          lemuel_round_altar, nicolae_gozag_seed_capital, serial_shops, shop,
          nicolae_shop_crystal, uniq_joseph
D:11:     serial_shops, nicolae_shop_stone, grunt_dithmenos_smoke, uniq_erica
D:12:     uniq_nergalle, uniq_frances, uniq_urug
D:13:     blue_anna_alchemist, grunt_ministairs_8, minmay_statue_crystal_thing
D:14:     kennysheep_kobold_lugonu_temple, grunt_vaults_entry_fortified,
          hangedman_decor_points, minivault_7
D:15:     hangedman_depths_entry_civil_slaughter, basic_altar, uniq_roxanne,
          uniq_rupert
Temple:   corrupted_temple
Orc:1:    basic_altar, mines1_david, uniq_sonja
Orc:2:    st_orc_ogre_mass, serial_shops, nicolae_shop_window_shopping

Skill      XL: |  1  2  3  4  5  6  7  8  9 10 11 12 13 14 |
---------------+-------------------------------------------+-----
Armour         | 2 3 4 5 7 8 9 10 | 10.9
Dodging        | 2 3 4 5 7 8 9 10 | 10.9
Long Blades    | 3 4 5 6 8 9 11 12 13 14 | 14.7
Shields        | 1 2 3 4 |  4.0
Fighting       | 4 5 6 8 9 10 11 | 11.9

Action                   |  1- 3 |  4- 6 |  7- 9 | 10-12 | 13-15 || total
-------------------------+-------+-------+-------+-------+-------++-------
Melee: Falchion          |   103 |   112 |   328 |       |       ||   543
       Long sword        |       |       |    64 |   288 |       ||   352
       Scimitar          |       |       |       |    49 |       ||    49
       Demon blade       |       |       |       |   329 |   558 ||   887
Invok: Berserk           |     1 |     5 |     6 |     9 |    10 ||    31
       Trog's Hand       |       |     1 |     1 |     4 |     9 ||    15
       Brothers in Arms  |       |       |       |     2 |     1 ||     3
  Use: Scroll            |       |    13 |     8 |     4 |     5 ||    30
       Potion            |       |       |     2 |     1 |     3 ||     6
 Stab: Sleeping          |     2 |       |       |       |       ||     2
  Eat: Chunk             |     3 |     7 |    13 |    26 |    25 ||    74
       Ration            |       |       |     1 |       |       ||     1
Armor: Animal skin       |    12 |       |       |       |       ||    12
       Scale mail        |     7 |    46 |     1 |       |       ||    54
       Pearl dragon scal |       |       |   110 |   178 |   156 ||   444
Dodge: Dodged            |    54 |    58 |   193 |   336 |   310 ||   951
Block: Buckler           |    18 |    39 |   114 |   187 |   142 ||   500
       Rpst.: Falchion   |    17 |    22 |    41 |       |       ||    80
       Long sword        |       |       |    15 |    57 |       ||    72
       Demon blade       |       |       |       |    32 |    58 ||    90
       Scimitar          |       |       |       |     6 |       ||     6

Table legend:
 A = Non-vault XP
 B = Vault XP
 C = Vault XP percentage of total XP
 D = Non-vault monster count
 E = Vault monster count
 F = Vault count percentage of total count
                 A         B        C        D         E       F
            +---------+---------+-------+---------+---------+-------
      Total |   53701 |   35836 |  40.0 |     442 |      95 |  17.7
            +---------+---------+-------+---------+---------+-------
        D:1 |      40 |       0 |   0.0 |      23 |       0 |   0.0
        D:2 |      45 |       0 |   0.0 |      18 |       0 |   0.0
        D:3 |     153 |      59 |  27.8 |      19 |      12 |  38.7
        D:4 |     578 |     149 |  20.5 |      22 |       1 |   4.3
        D:5 |     290 |       0 |   0.0 |      15 |       0 |   0.0
        D:6 |     922 |     196 |  17.5 |      15 |       1 |   6.2
        D:7 |    1218 |       0 |   0.0 |      24 |       0 |   0.0
        D:8 |     553 |    1242 |  69.2 |      14 |      12 |  46.2
        D:9 |    1706 |    1353 |  44.2 |      34 |       4 |  10.5
       D:10 |    7429 |       0 |   0.0 |      36 |       0 |   0.0
       D:11 |    2600 |     923 |  26.2 |      15 |       1 |   6.2
       D:12 |    6135 |    3138 |  33.8 |      46 |       2 |   4.2
       D:13 |    4960 |    1669 |  25.2 |      27 |       5 |  15.6
       D:14 |    9591 |   10110 |  51.3 |      37 |      29 |  43.9
       D:15 |   10135 |    8396 |  45.3 |      41 |       8 |  16.3
      Orc:1 |    7346 |     802 |   9.8 |      56 |       1 |   1.8
      Orc:2 |       0 |    7799 | 100.0 |       0 |      19 | 100.0
            +---------+---------+-------+---------+---------+-------
